 Dungeon Crawl Stone Soup version 0.27-a0-1136-g0b992a5a9d (webtiles) character file.

Game seed: 3646891393310471397

39 ytrimaz the Sneak (level 3, 0/36 HPs)
             Began as an Octopode Brigand on May 6, 2021.
             Slain by a gnoll
             ... wielding a +0 whip
              (3 damage)
             ... on level 2 of the Dungeon.
             The game lasted 00:01:10 (813 turns).

ytrimaz the Sneak (Octopode Brigand)                 Turns: 813, Time: 00:01:10

Health: 0/36       AC: 21    Str: 10    XL:     3   Next: 47%
Magic:  3/3        EV:  2    Int: 13    God:
Gold:   62         SH:  0    Dex: 14    Spells: 2/2 levels left

rFire    . . .     SeeInvis .   a - +2 dagger
rCold    . . .     Faith    .   (no shield)
rNeg     + + +     Spirit   .   (helmet currently unavailable)
rPois    +         Reflect  .   (no amulet)
rElec    .         Harm     .   (no ring)
rCorr    .         Rampage  .   (no ring)
Will     .....     NoTele   +   (no ring)
Stlth    +++.......             (no ring)
HPRegen  0.12/turn              (no ring)
MPRegen  0.08/turn              (no ring)
                                (no ring)
                                (no ring)

@: tree-form
A: stationary, stasis, torment immunity, boosted hp, almost no armour,
(amphibious), 8 rings, (camouflage 1), (gelatinous body 1), (nimble swimmer 1),
(tentacles)
a: no special abilities


You were on level 2 of the Dungeon.
You were a tree.
You visited 1 branch of the dungeon, and saw 2 of its levels.

You collected 62 gold pieces.

Inventory:

Hand Weapons
 a - a +2 dagger (weapon)
Missiles
 b - 8 poisoned darts (quivered)
 c - 2 curare-tipped darts
Scrolls
 d - a scroll of enchant armour {unknown}
 e - 2 scrolls of fear {unknown}
 g - 2 scrolls of identify {unknown}
Potions
 f - a potion of lignification


   Skills:
 + Level 2.1 Fighting
 + Level 2.1 Short Blades
 + Level 2.0 Throwing
 + Level 1.4 Dodging
 + Level 6.6 Stealth


You had 2 spell levels left.
You didn't know any spells.
Your spell library was empty.

Dungeon Overview and Level Annotations

Branches:
Dungeon (2/15)

Altars:


Innate Abilities, Weirdness & Mutations

You are a tree.
Your roots penetrate the ground, keeping you stationary.
You cannot be teleported.
You are immune to unholy pain and torment.
Your maximum health is greatly increased.
Your equipment is partially melded.
You cannot wear most types of armour.
((You are amphibious.))
You can wear up to eight rings at the same time.
((Your skin changes colour to match your surroundings (Stealth+).))
((Your rubbery body absorbs attacks. (AC +1, EV +1)))
((You are camouflaged near water. (Stealth+)))
((You have tentacles for arms and can constrict up to eight enemies at once.))


Message History

a +0 spear; a gnoll corpse The gnoll shouts!
The gnoll hits you with a +0 whip.
You hit the gnoll. You grab the gnoll.
The gnoll is lightly wounded.
You constrict the gnoll. The gnoll hits you with a +0 club!
The gnoll hits you with a +0 whip!
You release your grip on the gnoll.
Things that are here:
a +0 spear; a gnoll corpse It was a potion of lignification.
You turn into a tree.
Your roots penetrate the ground.
The gnoll hits you but does no damage. x2
You hit the gnoll.
The gnoll is lightly wounded.
The gnoll hits you but does no damage. x2
You hit the gnoll but do no damage.
The gnoll is lightly wounded.
The gnoll hits you but does no damage. x3
You barely miss the gnoll.
The gnoll is lightly wounded.
The gnoll hits you with a +0 whip.
* * * LOW HITPOINT WARNING * * *
You barely miss the gnoll.
The gnoll is lightly wounded.
The gnoll hits you but does no damage. The gnoll barely misses you.
The gnoll hits you but does no damage.
Unknown command.
You hit the gnoll.
The gnoll is lightly wounded.
The gnoll hits you but does no damage. The gnoll hits you with a +0 club.
* * * LOW HITPOINT WARNING * * *
The gnoll hits you but does no damage.
You closely miss the gnoll.
The gnoll is lightly wounded.
The gnoll hits you but does no damage. x3
You hit the gnoll.
The gnoll is moderately wounded.
The gnoll completely misses you. The gnoll hits you but does no damage.
The gnoll hits you with a +0 whip.
You die...

#.....>.....# .
#.....?.....###..
#...............
#............# .
#............##...
#........)........
#..!........######
#..........gg....#
#..........g♣..>.#
#................#
##########.......##
#.....#+##.#
#.#.#.#.##.####.
...#.....##......
#.# #...##...####
#. #...........# #
........).##.#


You could see 3 gnolls.

Vanquished Creatures
  An adder (D:2)
  A gnoll (D:2)
  A ball python (D:1)
  An endoplasm (D:1)
  A giant cockroach (D:1)
  2 goblins (D:1)
  6 jackals (D:1)
  A kobold (D:2)
  A quokka (D:1)
  A frilled lizard (D:1)
  2 rats (D:1)
18 creatures vanquished.

Notes
Turn   | Place    | Note
-------+----------+-------------------------------------------
     0 | D:1      | ytrimaz the Octopode Brigand began the quest for the Orb.
     0 | D:1      | Reached XP level 1. HP: 14/14 MP: 1/1
   247 | D:1      | Found a faded altar of an unknown god.
   261 | D:1      | Reached XP level 2. HP: 19/19 MP: 2/2
   315 | D:1      | Reached skill level 6 in Stealth
   718 | D:2      | Reached XP level 3. HP: 18/24 MP: 3/3
   813 | D:2      | Slain by a gnoll

Illustrated notes

Levels and vault maps discovered:
D:1:      minmay_arrival_cross, layout_basic,
          chequers_ecumenical_altar_simple_redux
D:2:      layout_basic, serial_bayou_pond_d, uniq_jessica

Skill      XL: |  1  2 |
---------------+-------+-----
Stealth        | 6 |  6.6
Fighting       | |  2.1
Short Blades   | |  2.1
Throwing       | |  2.0
Dodging        | |  1.4

Action                   || total
-------------------------++-------
Melee: Dagger            ||    45
       Constrict         ||    11
       Tentacles         ||     4
  Use: Potion            ||     1
 Stab: Sleeping          ||     3
Armor: Skin              ||    19
Dodge: Dodged            ||    28

Table legend: (Time is in decaauts)
 A = Elapsed time spent in this place.
 B = Non-inter-level travel time spent in this place.
 C = Inter-level travel time spent in this place.
 D = Time resting spent in this place.
 E = Time spent auto-exploring this place.
 F = Levels seen in this place.
 G = Mean time per level.
                   A        B        C        D        E       F      G
               +--------+--------+--------+--------+--------+-----+--------+
         Total |    808 |    798 |     10 |      0 |    629 |   2 |  404.0 |
       Dungeon |    808 |    798 |     10 |      0 |    629 |   2 |  404.0 |
               +--------+--------+--------+--------+--------+-----+--------+

Top non-repeatable levels by time:
     D:1: 685 daAuts
     D:2: 123 daAuts
